General information
- name: BNet
- type: Ladder 1vs1/FFA
- host: Battle.net
- saver: Mr.Wookums
map: LostTemple
- players: 2
- length: 26:29
- speed: Fast
- version: 1.21 W3XP
- replay type: Public
» download(76 KB)
Players
team 1 (winner)

»
Mr.Wookums (
yellow | 62 APM | 1642 actions | 26:29)
6 Demon Hunter
3 Mana Burn
2 Evasion
1 Metamorphosis
5 Priestess of the Moon
2 Trueshot Aura
3 Scout
» actions
| Assign group hotkey | 69 | |
| Basic commands | 13 | |
| Build / train | 77 | |
| Enter build submenu | 16 | |
| Enter hero's abilities submenu | 12 | |
| Remove unit from queue | 4 | |
| Right click | 931 | |
| Select / deselect | 367 | |
| Select group hotkey | 81 | |
| Use ability | 72 | |
1642 total
» units
| Wisp | 18 | |
| Archer | 4 | |
| Dryad | 11 | |
| Goblin Shredder | 1 | |
| Druid of the Talon | 15 | |
49 total
» upgrades
| Abolish Magic | 1 | |
| Strength of the Wild | 3 | |
| Druid of the Talon Training | 2 | |
| Mark of the Talon | 1 | |
| Well Spring | 1 | |
| Reinforced Hides | 1 | |
9 total
» buildings
| Altar of Elders | 1 | |
| Moon Well | 6 | |
| Ancient of War | 1 | |
| Tree of Ages | 1 | |
| Hunter's Hall | 1 | |
| Ancient of Lore | 2 | |
| Tree of Life | 1 | |
| Ancient of Wonders | 1 | |
| Tree of Eternity | 1 | |
| Ancient of Wind | 2 | |
17 total
» build order
00:10 Altar of Elders
00:18 Moon Well
01:03 Ancient of War
01:53 Moon Well
02:49 Tree of Ages
03:32 Hunter's Hall
05:04 Moon Well
05:23 Ancient of Lore
05:25 Ancient of Lore
06:51 Tree of Life
07:01 Ancient of Wonders
09:08 Moon Well
09:11 Tree of Eternity
09:53 Moon Well
10:29 Ancient of Wind
12:01 Ancient of Wind
19:03 Moon Well
team 2 (loser)

»
Trollninja (
purple | 46 APM | 1226 actions | 26:24)
2 Death Knight
1 Death Coil
1 Unholy Aura
4 Lich
2 Frost Nova
2 Frost Armor
» actions
| Assign group hotkey | 25 | |
| Basic commands | 123 | |
| Build / train | 70 | |
| Enter build submenu | 25 | |
| Enter hero's abilities submenu | 6 | |
| Right click | 399 | |
| Select / deselect | 372 | |
| Select group hotkey | 163 | |
| Use ability | 43 | |
1226 total
» units
| Acolyte | 13 | |
| Ghoul | 6 | |
| Abomination | 7 | |
| Frost Wyrm | 8 | |
| Obsidian Statue | 2 | |
| Crypt Fiend | 4 | |
40 total
» upgrades
| Disease Cloud | 1 | |
| Freezing Breath | 1 | |
| Creature Attack | 2 | |
| Unholy Strength | 1 | |
| Unholy Armor | 1 | |
| Creature Carapace | 1 | |
| Web | 1 | |
| Cannibalize | 1 | |
| Burrow | 1 | |
10 total
» buildings
| Ziggurat | 9 | |
| Altar of Darkness | 1 | |
| Crypt | 2 | |
| Graveyard | 1 | |
| Halls of the Dead | 1 | |
| Tomb of Relics | 1 | |
| Spirit Tower | 5 | |
| Nerubian Tower | 3 | |
| Black Citadel | 1 | |
| Sacrificial Pit | 1 | |
| Slaughterhouse | 1 | |
| Boneyard | 3 | |
29 total
» build order
00:07 Ziggurat
00:10 Altar of Darkness
00:29 Crypt
01:09 Graveyard
02:29 Halls of the Dead
02:45 Ziggurat
03:05 Tomb of Relics
03:11 Crypt
03:31 Ziggurat
04:06 Spirit Tower
04:41 Nerubian Tower
05:17 Black Citadel
05:20 Spirit Tower
05:34 Sacrificial Pit
05:46 Ziggurat
06:27 Slaughterhouse
06:46 Spirit Tower
07:26 Ziggurat
07:51 Boneyard
07:56 Boneyard
08:11 Boneyard
09:12 Spirit Tower
09:16 Ziggurat
13:25 Ziggurat
15:54 Ziggurat
15:59 Ziggurat
20:40 Nerubian Tower
21:02 Spirit Tower
25:41 Nerubian Tower
» items
Chat log
(00:36 / All) Trollninja: GL HF
(05:09 / All) Trollninja: fagglio
(05:15 / All) Mr.Wookums: don't troll me
(26:19 / All) Trollninja: gg :)
(26:21 / All) Mr.Wookums: gg